 Dungeon Crawl Stone Soup version 0.30-a0-1160-g6e42c06551 (webtiles) character file.

Game seed: 7858045041954840122

21 Anamonty the Stinger (level 2, -3/17 HPs)
             Began as an Octopode Venom Mage on Apr 26, 2023.
             Slain by a hobgoblin (5 damage)
             ... on level 1 of the Dungeon.
             The game lasted 00:01:23 (437 turns).

Anamonty the Stinger (Octopode Venom Mage)           Turns: 437, Time: 00:01:24

Health: -3/17      AC:  1    Str:  7    XL:     2   Next: 87%
Magic:  5/5        EV: 13    Int: 17    God:
Gold:   48         SH:  0    Dex: 12    Spells: 4/5 levels left

rFire   . . .        (no weapon)
rCold   . . .        (no shield)
rNeg    . . .        (helmet restricted)
rPois   .            (no amulet)
rElec   .            (no ring)
rCorr   .            (no ring)
SInv    .            (no ring)
Will    .....        (no ring)
Stlth   +++          (no ring)
HPRegen 0.22/turn    (no ring)
MPRegen 0.09/turn    (no ring)
                     (no ring)

%: no passive effects
@: very slightly contaminated
A: almost no armour, amphibious, 8 rings, camouflage 1, gelatinous body 1,
(nimble swimmer 1), tentacles
a: no special abilities


You were on level 1 of the Dungeon.
You visited 1 branch of the dungeon, and saw 1 of its levels.

You collected 48 gold pieces.

Inventory:

Scrolls
 b - 2 scrolls of teleportation {unknown}
 c - a scroll of noise {unknown}
 d - 2 scrolls of identify {unknown}
 e - a scroll of blinking {unknown}


   Skills:
 + Level 2.3 Dodging
 - Level 2.6 Stealth
 + Level 2.3 Spellcasting
 - Level 1.0 Transmutations
 * Level 4.3 Poison Magic


You had 4 spell levels left.
You knew the following spells:

 Your Spells              Type           Power      Damage    Failure   Level
a - Sting                 Tmut/Pois      44%        1d5       6%          1

Your spell library contained the following spells:

 Spells                   Type           Power      Damage    Failure   Level
 Poisonous Vapours        Pois/Air       18%        N/A       12%         2
 Mephitic Cloud           Conj/Pois/Air  6%         N/A       30%         3
 Olgreb's Toxic Radiance  Pois           16%        N/A       32%         4


Dungeon Overview and Level Annotations

Branches:
Dungeon (1/15)

Altars:


Innate Abilities, Weirdness & Mutations

You cannot wear most types of armour.
You are amphibious.
You can wear up to eight rings at the same time.
Your skin changes colour to match your surroundings (Stealth+).
Your rubbery body absorbs attacks. (AC +1, EV +1)
((You are camouflaged when in or above water. (Stealth+)))
You have tentacles for arms and can constrict up to eight enemies at once.


Message History

You don't have enough magic to cast this spell.
Unknown command.
Casting: Sting (safe; 6% risk of failure)
Confirm with . or Enter, or press ? or * to list all spells.
You don't know that spell.
Unknown command.
Casting: Sting (safe; 6% risk of failure)
Confirm with . or Enter, or press ? or * to list all spells.
You don't have enough magic to cast this spell.
Unknown command.
Unknown command.
Casting: Sting (safe; 6% risk of failure)
Confirm with . or Enter, or press ? or * to list all spells.
You don't have enough magic to cast this spell.
Unknown command.
Unknown command.
You tentacle-slap the endoplasm.
The endoplasm is lightly wounded.
The endoplasm jiggles.
The endoplasm hits you but does no damage.
You tentacle-slap the endoplasm but do no damage.
Your squeeze misses the endoplasm.
The endoplasm is lightly wounded.
The endoplasm barely misses you.
You tentacle-slap the endoplasm. You squeeze the endoplasm.
You kill the endoplasm!
You barely miss the hobgoblin. Your grab misses the hobgoblin.
Your squeeze misses the hobgoblin. The hobgoblin hits you.
* * * LOW HITPOINT WARNING * * *
Casting: Sting (safe; 6% risk of failure)
Confirm with . or Enter, or press ? or * to list all spells.
You don't have enough magic to cast this spell.
Unknown command.
Unknown command.
You barely miss the hobgoblin. You grab the hobgoblin.
You squeeze the hobgoblin, but do no damage.
You constrict the hobgoblin. The hobgoblin closely misses you.
Magic courses through your body.
You constrict the hobgoblin. The hobgoblin hits you.
You die...

#.## ### #............. #.#.
... #......<...... .# #.#.
#.( #............. ... ...
#.# #............. .. .. #.#
############## .###.#. #.#
#.# #....... h.h....#####.#
#.# #..####.
#...†...?.######.#####..# #.
#........Khg@..#........####.
#.############...............
.. ################ ## #


You could see a jackal, a hobgoblin and a kobold.

Vanquished Creatures
  A dart slug (D:1)
  A ball python (D:1)
  2 bats (D:1)
  4 endoplasms (D:1)
  3 hobgoblins (D:1)
  3 jackals (D:1)
  A rat (D:1)
15 creatures vanquished.

Notes
Turn   | Place    | Note
-------+----------+-------------------------------------------
     0 | D:1      | Anamonty the Octopode Venom Mage began the quest for the
                  | Orb.
     0 | D:1      | Reached XP level 1. HP: 11/11 MP: 3/3
    80 | D:1      | Found a faded altar of an unknown god.
   176 | D:1      | Reached XP level 2. HP: 17/17 MP: 3/5
   213 | D:1      | Reached skill level 4 in Poison Magic
   437 | D:1      | Slain by a hobgoblin

Illustrated notes

Levels and vault maps discovered:
D:1:      lemuel_arrival_hallway, layout_loops_ring,
          hellmonk_ecumenical_altar_heavens_door

Skill      XL: |  1  2 |
---------------+-------+-----
Poison Magic   | 4 |  4.3
Dodging        | |  2.3
Stealth        | |  2.6
Spellcasting   | |  2.3
Transmutations | |  1.0

Action                     || total
---------------------------++-------
  Melee: Unarmed           ||    27
         Tentacles         ||     8
         Constrict         ||     6
   Cast: Sting             ||    15
    Use: Potion            ||     1
 Armour: Skin              ||     5
  Dodge: Dodged            ||    22

Table legend: (Time is in decaauts)
 A = Elapsed time spent in this place.
 B = Non-inter-level travel time spent in this place.
 C = Inter-level travel time spent in this place.
 D = Time resting spent in this place.
 E = Time spent auto-exploring this place.
 F = Levels seen in this place.
 G = Mean time per level.
                   A        B        C        D        E       F      G
               +--------+--------+--------+--------+--------+-----+--------+
         Total |    437 |    437 |      0 |      0 |    328 |   1 |  437.0 |
       Dungeon |    437 |    437 |      0 |      0 |    328 |   1 |  437.0 |
               +--------+--------+--------+--------+--------+-----+--------+

Top non-repeatable levels by time:
     D:1: 437 daAuts
